 Dungeon Crawl Stone Soup version 0.19-a0 (webtiles) character file.

254 Loki the Ruffian (level 5, -3/72 HPs)
             Began as a Troll Warper on Apr 27, 2016.
             Slain by a gnoll
             ... wielding a +0 club
              (6 damage)
             ... on level 7 of the Dungeon.
             The game lasted 00:06:38 (582 turns).

Loki the Ruffian (Troll Warper)                      Turns: 582, Time: 00:06:40

Health: -3/72      AC:  5    Str: 23 (24) XL:     5   Next: 90%
Magic:  5/5        EV:  9    Int:  9      God:
Gold:   29         SH:  0    Dex: 10      Spells: 1 memorised, 5 levels left

rFire  . . .     SeeInvis .       - Unarmed
rCold  . . .     Gourm    +     a - +0 robe
rNeg   . . .     Faith    .     (no shield)
rPois  .         Spirit   .     (helmet restricted)
rElec  .         Dismiss  .     (no cloak)
rCorr  .         Reflect  .     (gloves unavailable)
SustAt +         Harm     .     (boots unavailable)
MR     .....                    (no amulet)
Stlth  ..........               (no ring)
                                i - ring of sustain attributes

@: mighty, berserking, lethally poisoned (-3 -> -3), heavily drained, very
quick, not resistant to hostile enchantments, extremely unstealthy
A: unfitting armour, claws 3, fast metabolism 3, gourmand, regeneration 2,
shaggy fur 1, tough skin 2
a: no special abilities


You were on level 7 of the Dungeon.
You were not hungry.

You visited 1 branch of the dungeon, and saw 7 of its levels.

You collected 149 gold pieces.
You spent 120 gold pieces at shops.

Inventory:

Missiles
 d - 5 tomahawks of dispersal (quivered)
 l - 3 curare-tipped needles
Armour
 a - a +0 robe (worn)
 h - a +2 cloak
Jewellery
 i - a ring of sustain attributes (left claw)
Scrolls
 c - a scroll of blinking
 j - a scroll of random uselessness {unknown}
 m - 2 scrolls of teleportation
 n - a scroll of identify {unknown}
 s - 2 scrolls of magic mapping
Books
 b - a book of Spatial Translocations

   Spells                             Type                      Level
   a - Apportation                    Translocation                1
   b - Blink                          Translocation                2
   c - Shroud of Golubria             Charms/Translocation         2
   d - Portal Projectile              Translocation                3
   e - Teleport Other                 Translocation                3
   f - Passage of Golubria            Translocation                4
 r - a book of Enchantments

   Spells                             Type                      Level
   a - Cause Fear                     Hexes                        4
   b - Yara's Violent Unravelling     Hexes/Transmutation          5
   c - Silence                        Hexes/Air                    5
   d - Deflect Missiles               Charms/Air                   6
   e - Haste                          Charms                       6
   f - Discord                        Hexes                        8
Comestibles
 f - 3 bread rations
 g - 2 fruits
 k - a beef jerky
 o - a meat ration


   Skills:
 - Level 1.5(0.2) Fighting
 - Level 0.8(0.0) Throwing
 - Level 1.9(0.6) Dodging
 + Level 6.2(4.7) Unarmed Combat
 - Level 1.2(0.0) Spellcasting
 - Level 2.1(0.8) Translocations


You had 5 spell levels left.
You knew the following spells:

 Your Spells              Type           Power        Failure   Level  Hunger
a - Apportation           Tloc           #.........   34%         1    ##.....


Dungeon Overview and Level Annotations

Branches:
Dungeon (7/15)
 Temple: D:4-7

Altars:
Gozag
Makhleb
Xom

Shops:
D:7 ?

Annotations:
D:4 Purgy


Innate Abilities, Weirdness & Mutations

You are too large for most types of armour.
You have claws for hands.
Your metabolism is lightning-fast.
You like to eat raw meat.
You heal very quickly.
You are covered in fur (AC +1).
You have very tough skin (AC +2).


Message History

The worker ant poisons you!
The crimson imp blinks!
Unknown command.
Drink which item? (? for menu, Esc to quit)
It was a potion of berserk rage.
A red film seems to cover your vision as you go berserk!
You feel yourself moving faster!
You feel mighty!
You feel sick. The hound barely misses you.
The gnoll hits you but does no damage. The kobold completely misses you.
The big kobold hits you but does no damage.
The kobold hits you but does no damage.
You feel drained.
The worker ant bites you but does no damage.
The hound completely misses you.
Unknown command.
Unknown command.
Unknown command.
You claw the kobold!
You kill the kobold!
You feel sick. The kobold hits you but does no damage.
The gnoll hits you with a club.
You die...

#........#.##.......#.
#........(........#.
#.........####......
#..........# ....#.
#........#.# ....
#........#.###
#.#..rOK......
#5ghah......
....##@KKo...... ...
#)Koo...... $.
##o........ .
.<.......# ........#
........# .........#
.......


You could see a big kobold, an ogre, 2 hounds, a worker ant, 3 orc wizards, a
gnoll, a crimson imp, an orc, a quokka and 3 kobolds.

Vanquished Creatures
  Grinder (D:4)
  A crimson imp (D:4)
  An adder skeleton (D:7)
  2 worms (D:2)
  3 giant cockroaches
  2 goblins
  A hobgoblin (D:2)
  A quokka (D:2)
  A bat (D:3)
  A giant gecko skeleton (D:6)
  A giant newt (D:4)
  8 kobolds
  2 rats
25 creatures vanquished.

Notes
Turn   | Place    | Note
--------------------------------------------------------------
     0 | D:1      | Loki the Troll Warper began the quest for the Orb.
     0 | D:1      | Reached XP level 1. HP: 19/19 MP: 1/1
   108 | D:2      | Reached XP level 2. HP: 18/27 MP: 2/2
   125 | D:2      | Found an opulent altar of Gozag.
   201 | D:2      | Reached skill level 3 in Unarmed Combat
   350 | D:4      | Noticed Grinder
   354 | D:4      | Paralysed by Grinder for 5 turns
   364 | D:4      | Killed Grinder
   364 | D:4      | Reached skill level 5 in Unarmed Combat
   364 | D:4      | Reached XP level 3. HP: 30/33 MP: 3/3
   364 | D:4      | Reached XP level 4. HP: 37/41 MP: 4/4
   364 | D:4      | Reached XP level 5. HP: 44/48 MP: 5/5
   401 | D:4      | Noticed Purgy
   404 | D:4      | Noticed a phantom
   407 | D:5      | Entered Level 5 of the Dungeon
   460 | D:4      | Found a shimmering altar of Xom.
   461 | D:4      | Found a burning altar of Makhleb.
   462 | D:4      | Reached skill level 6 in Unarmed Combat
   469 | D:4      | You fall through a shaft for 2 floors!
   532 | D:7      | Noticed an ogre
   543 | D:7      | Found Lugit's Magic Scroll Shoppe.
   551 | D:7      | Bought a scroll of magic mapping for 42 gold pieces
   551 | D:7      | Bought a scroll of magic mapping for 42 gold pieces
   551 | D:7      | Bought a scroll of teleportation for 36 gold pieces
   582 | D:7      | HP: 3/72 [poisoned by a worker ant]
   582 | D:7      | Slain by a gnoll

Vault maps used:
D:1:      kennysheep_arrival_forest, st_stairs_7, minmay_misc_feat_four_crosses
D:2:      lemuel_doored_altar, nemelex_xobeh_ov_fountains_minmay, uniq_sigmund,
          uniq_robin
D:3:      item_on_display_a
D:4:      mumra_celtic_spiral_tile, grunt_temple_overflow_champion_of_chaos,
          lemuel_temple_firewalk_marked, first_bread, uniq_grinder, uniq_purgy,
          uniq_blork_the_orc
D:5:      cheibrodos_worm_habitat
D:7:      nicolae_qazlal_style_of_elements, serial_shops, shop,
          grunt_ministairs_6

Skill      XL: |  1  2  3  4  5 |
---------------+----------------+-----
Unarmed Combat | 5 6 |  6.2
Fighting       | |  1.5
Throwing       | |  0.8
Dodging        | |  1.9
Spellcasting   | |  1.2
Translocations | |  2.1

Action                   |  1- 3 |  4- 6 || total
-------------------------+-------+-------++-------
Melee: Unarmed           |    46 |    22 ||    68
       Punch             |     1 |       ||     1
  Use: Potion            |       |     5 ||     5
 Stab: Sleeping          |       |     1 ||     1
  Eat: Chunk             |     2 |       ||     2
       Beef jerky        |     1 |       ||     1
       Fruit             |     3 |       ||     3
Armor: Robe              |    24 |    29 ||    53
Dodge: Dodged            |    25 |    57 ||    82
